 Dungeon Crawl Stone Soup version 0.19.1 (webtiles) character file.

263 KingCrawl the Conjurer (level 5, -2/35 HPs)
             Began as a Demonspawn Conjurer on Dec 26, 2016.
             Slain by a worker ant (7 damage)
             ... on level 4 of the Dungeon.
             The game lasted 00:17:38 (4052 turns).

KingCrawl the Conjurer (Demonspawn Conjurer)        Turns: 4052, Time: 00:17:38

Health: -2/35      AC:  4    Str:  9    XL:     5   Next: 97%
Magic:  0/9        EV: 14    Int: 17    God:
Gold:   85         SH:  0    Dex: 15    Spells: 3 memorised, 0 levels left

rFire  . . .     SeeInvis +     v - +1 falchion
rCold  . . .     Gourm    .     a - +0 robe
rNeg   . . .     Faith    .     (no shield)
rPois  .         Spirit   +     (no helmet)
rElec  .         Reflect  .     n - +1 cloak
rCorr  .         Harm     .     (no gloves)
MR     .....                    (no boots)
Stlth  ++........               (no amulet)
                                s - ring of see invisible
                                k - +2 ring of dexterity

@: no status effects
A: repulsion field 1, powered by death 1, magic shield
a: no special abilities


You were on level 4 of the Dungeon.
You were not hungry.

You visited 1 branch of the dungeon, and saw 4 of its levels.

You collected 85 gold pieces.

Inventory:

Hand Weapons
 d - a +0 short sword
 v - a +1 falchion (weapon)
Armour
 a - a +0 robe (worn)
 n - a +1 cloak (worn)
Jewellery
 k - a +2 ring of dexterity (left hand)
 p - an uncursed ring of ice
 s - a ring of see invisible (right hand)
Scrolls
 g - 2 scrolls of enchant weapon
 i - 2 scrolls of teleportation
 l - 2 scrolls of enchant armour
 q - 2 scrolls of identify
 u - 2 scrolls of immolation
 w - a scroll of remove curse
Potions
 e - a potion of brilliance
 o - a potion of curing
 t - a potion of lignification
Books
 b - a book of Conjurations

   Spells                             Type                      Level
   a - Magic Dart                     Conjuration                  1
   b - Searing Ray                    Conjuration                  2
   c - Dazzling Spray                 Conjuration/Hexes            3
   d - Fulminant Prism                Conjuration/Hexes            4
   e - Iskenderun's Mystic Blast      Conjuration                  4
   f - Iskenderun's Battlesphere      Conjuration/Charms           5
Comestibles
 c - 3 bread rations
 f - a beef jerky
 h - 4 chunks of flesh
 j - 3 meat rations
 m - a fruit


   Skills:
 - Level 1.7 Dodging
 - Level 1.7 Stealth
 - Level 3.0 Spellcasting
 - Level 6.0 Conjurations
 + Level 2.6 Charms


You couldn't memorise any spells.
You knew the following spells:

 Your Spells              Type           Power        Failure   Level  Hunger
a - Magic Dart            Conj           ###.         1%          1    None
b - Iskenderun's Mystic   Conj           ###.....     17%         4    ####...
c - Iskenderun's Battles  Conj/Chrm      ###.....     82%         5    ######.


Dungeon Overview and Level Annotations

Branches:
Dungeon (4/15)
 Temple: D:4-7

Altars:
Cheibriados
Hepliaklqana
Kikubaaqudgha


Innate Abilities, Weirdness & Mutations

You are surrounded by a mild repulsion field. (EV +2)
You regenerate a little health from kills.
When hurt, damage is shared between your health and your magic reserves.


Message History

The worker ant barely misses you.
You closely miss the worker ant.
The worker ant is heavily wounded.
The worker ant bites you but does no damage.
The worker ant closely misses you.
You hit the worker ant.
The worker ant is almost dead.
The worker ant closely misses you.
You riposte.
You closely miss the worker ant.
The worker ant is almost dead.
The worker ant bites you.
* * * LOW HITPOINT WARNING * * *
You hit the worker ant.
The worker ant is almost dead.
The worker ant bites you.
* * * LOW HITPOINT WARNING * * *
You closely miss the worker ant.
The worker ant is almost dead.
The worker ant bites you!
You die...

.# #..<..#....#.#.#
.#
#######..รท.....#
.# #..#o#..## # o.
#.##.#..##.#
#...)......#
......##.###.####
.####.#.#....####
...#.##.)......####
#.....@a#####.....
###.###.##....# ...
#.#<#.#.# ##
#..###..# #.## ##.#
##.###.## ##.#[##
##.## #.#


You could see a worker ant.

Vanquished Creatures
  An orc priest (D:4)
  2 orc wizards
  Ijyb (D:2)
  Jessica (D:2)
  Terence (D:2)
  4 adders
  2 dart slugs
  2 leopard geckos
  5 orcs
  2 ball pythons (D:1)
  5 giant cockroaches
  3 goblins
  6 hobgoblins
  6 jackals
  A quokka (D:3)
  8 bats
  3 frilled lizards (D:1)
  5 kobolds
  5 rats
63 creatures vanquished.

Notes
Turn   | Place    | Note
-------+----------+-------------------------------------------
     0 | D:1      | KingCrawl the Demonspawn Conjurer began the quest for the Orb.
     0 | D:1      | Reached XP level 1. HP: 13/13 MP: 3/3
   336 | D:1      | Gained mutation: When hurt, damage is shared between your health and your magic reserves. [demonic ancestry]
   336 | D:1      | Reached XP level 2. HP: 19/19 MP: 1/5
  1207 | D:1      | Reached XP level 3. HP: 21/24 MP: 2/7
  1728 | D:2      | Noticed Ijyb
  1737 | D:2      | Killed Ijyb
  1737 | D:2      | Reached skill level 5 in Conjurations
  1737 | D:2      | Gained mutation: You are surrounded by a mild repulsion field. (EV +2) [demonic ancestry]
  1737 | D:2      | Reached XP level 4. HP: 22/30 MP: 0/8
  1808 | D:2      | Learned a level 4 spell: Iskenderun's Mystic Blast
  1845 | D:2      | Found an ancient bone altar of Kikubaaqudgha.
  2090 | D:2      | Noticed Jessica
  2097 | D:2      | Killed Jessica
  2253 | D:2      | Noticed Terence
  2257 | D:2      | Killed Terence
  2789 | D:3      | Gained mutation: You regenerate a little health from kills. [demonic ancestry]
  2789 | D:3      | Reached XP level 5. HP: 35/35 MP: 4/9
  2796 | D:3      | Learned a level 5 spell: Iskenderun's Battlesphere
  2796 | D:3      | Found a faded altar of an unknown god.
  2952 | D:3      | Found a hazy altar of Hepliaklqana.
  3255 | D:3      | Reached skill level 6 in Conjurations
  3261 | D:3      | Found a snail-covered altar of Cheibriados.
  3550 | D:4      | HP: 1/35 [orc wizard/magic dart (8)]
  3819 | D:3      | Reached skill level 1 in Charms
  4052 | D:4      | Slain by a worker ant

Skill      XL: |  1  2  3  4  5 |
---------------+----------------+-----
Spellcasting   | 3 |  3.0
Conjurations   | 5 6 |  6.0
Charms         | 2 |  2.6
Dodging        | |  1.7
Stealth        | |  1.7

Action                   |  1- 3 |  4- 6 || total
-------------------------+-------+-------++-------
Melee: Short sword       |    50 |     4 ||    54
       Unarmed           |     3 |       ||     3
       Falchion          |       |    27 ||    27
 Cast: Magic Dart        |    68 |    70 ||   138
       Iskenderun's Myst |       |     3 ||     3
  Use: Scroll            |       |     9 ||     9
       Potion            |       |     5 ||     5
  Eat: Chunk             |     3 |     6 ||     9
       Fruit             |       |     2 ||     2
Armor: Robe              |    22 |     8 ||    30
Dodge: Dodged            |    33 |    33 ||    66
       Rpst.: Falchion   |       |     8 ||     8
